 Dungeon Crawl Stone Soup version 0.24.0-37-gcf1ca852f1 (webtiles) character file.

Game seed: 7927860222541573725, levelgen mode: deterministic

39 Iamsoldier the Charmwright (level 3, -2/31 HPs)
             Began as a Gnoll Skald on Nov 27, 2019.
             Slain by a worm (10 damage)
             ... on level 2 of the Dungeon.
             The game lasted 00:02:13 (901 turns).

Iamsoldier the Charmwright (Gnoll Skald)             Turns: 901, Time: 00:02:13

Health: -2/31      AC:  3    Str: 13    XL:     3   Next: 45%
Magic:  1/9        EV: 14    Int: 16    God:
Gold:   49         SH:  0    Dex: 14    Spells: 6/12 levels left

rFire    . . .     SeeInvis .   a - +0 spear
rCold    . . .     Gourm    .   (no shield)
rNeg     . . .     Faith    .   b - +0 leather armour
rPois    .         Spirit   .   (no helmet)
rElec    .         Reflect  .   (no cloak)
rCorr    .         Harm     .   (no gloves)
MR       .....                  (no boots)
Stlth    +.........             (no amulet)
HPRegen  0.10/turn              (no ring)
MPRegen  0.11/turn              (no ring)

@: lethally poisoned (-2 -> -6)
A: distributed training, fangs 1, strong nose
a: no special abilities


You were on level 2 of the Dungeon.
You were not hungry.

You visited 1 branch of the dungeon, and saw 2 of its levels.

You collected 49 gold pieces.

Inventory:

Hand Weapons
 a - a +0 spear (weapon)
Missiles
 l - 17 poisoned darts (quivered)
Armour
 b - a +0 leather armour (worn)
Jewellery
 i - an uncursed ring of resist corrosion {unknown}
Scrolls
 e - 3 scrolls of identify {unknown}
 h - a scroll of blinking {unknown}
 j - 2 scrolls of remove curse {unknown}
 k - a scroll of teleportation {unknown}
 n - a scroll of immolation {unknown}
 o - a scroll of enchant weapon {unknown}
Potions
 c - a potion of ambrosia {unknown}
 g - a potion of cancellation {unknown}
 m - a potion of flight {unknown}
 p - a potion of invisibility {unknown}
Comestibles
 d - 2 rations
 f - a chunk of flesh


   Skills:
 + Level 4.5 Fighting
 + Level 0.7 Short Blades
 + Level 0.7 Long Blades
 + Level 0.7 Axes
 + Level 0.7 Maces & Flails
 + Level 4.5 Polearms
 + Level 0.7 Staves
 + Level 0.7 Slings
 + Level 0.7 Bows
 + Level 0.7 Crossbows
 + Level 0.7 Throwing
 + Level 2.6 Armour
 + Level 4.5 Dodging
 + Level 0.7 Stealth
 + Level 0.7 Shields
 + Level 0.7 Unarmed Combat
 + Level 5.0 Spellcasting
 + Level 0.5 Conjurations
 + Level 0.5 Hexes
 + Level 5.4 Charms
 + Level 0.5 Summonings
 + Level 0.5 Necromancy
 + Level 0.5 Translocations
 + Level 0.5 Transmutations
 + Level 0.5 Fire Magic
 + Level 0.5 Ice Magic
 + Level 0.5 Air Magic
 + Level 0.5 Earth Magic
 + Level 0.5 Poison Magic
 + Level 0.9 Invocations
 + Level 0.7 Evocations


You had 6 spell levels left.
You knew the following spells:

 Your Spells              Type           Power        Failure   Level  Hunger
a - Infusion              Chrm           ###.         1%          1    None
b - Shroud of Golubria    Chrm/Tloc      ##....       9%          2    #......
c - Spectral Weapon       Hex/Chrm       ##......     17%         3    ###....

Your spell library contained the following spells:

 Spells                   Type           Power        Failure   Level  Hunger
 Song of Slaying          Chrm           ###.....     3%          2    #......
 Regeneration             Chrm/Necr      ##........   17%         3    ###....


Dungeon Overview and Level Annotations

Branches:
Dungeon (2/15)

Altars:


Innate Abilities, Weirdness & Mutations

Your experience applies equally to all skills.
You have very sharp teeth.
Your uncanny sense of smell can sniff out nearby items.


Message History

The adder is moderately wounded.
You feel sick. The adder completely misses you. The worm closely misses you.
The rat misses you.
You hit the adder. You bite the adder.
The adder is almost dead.
The adder bites you. The hobgoblin closely misses you.
You hit the adder but do no damage. You bite the adder.
The adder is almost dead.
You feel sick. The adder bites you. The rat bites you.
Your shroud falls apart!
The hobgoblin misses you. The worm closely misses you.
You hit the adder but do no damage.
The adder is almost dead.
The adder bites you.
* * * LOW HITPOINT WARNING * * *
The rat misses you. The hobgoblin barely misses you. The adder misses you.
You hit the adder.
You kill the adder!
The rat bites you but does no damage. The worm bites you!
You die...

.......... #..
...#.## #.###...#(∆
# #.....)#.# ∆
#####.#.####?#?# .
.......<...†.†#.!
.####.######.#.##.#
#....w.g........
#....r@†K.......
......###########
#####


You could see a worm, a hobgoblin, a kobold and a rat.

Vanquished Creatures
  An adder (D:2)
  An ooze (D:2)
  A dart slug (D:1)
  A leopard gecko (D:1)
  A giant cockroach (D:1)
  4 goblins
  2 hobgoblins (D:1)
  3 bats
  3 frilled lizards
  3 kobolds (D:1)
  6 rats
26 creatures vanquished.

Notes
Turn   | Place    | Note
-------+----------+-------------------------------------------
     0 | D:1      | Iamsoldier the Gnoll Skald began the quest for the Orb.
     0 | D:1      | Reached XP level 1. HP: 20/20 MP: 6/6
   239 | D:1      | Reached XP level 2. HP: 25/26 MP: 7/7
   589 | D:1      | Learned a level 2 spell: Shroud of Golubria
   862 | D:2      | Reached skill level 5 in Spellcasting
   862 | D:2      | Reached XP level 3. HP: 27/31 MP: 1/9
   874 | D:2      | Learned a level 3 spell: Spectral Weapon
   901 | D:2      | Slain by a worm

Levels and vault maps discovered:
D:1:      zaba_arrival_water, layout_basic, kennysheep_nondescript,
          minmay_misc_feat_rows, minmay_cupped
D:2:      layout_basic, minmay_small_reverse_x

Skill      XL: |  1  2 |
---------------+-------+-----
Spellcasting   | 5 |  5.0
Fighting       | |  4.5
Short Blades   | |  0.7
Long Blades    | |  0.7
Axes           | |  0.7
Maces & Flails | |  0.7
Polearms       | |  4.5
Staves         | |  0.7
Slings         | |  0.7
Bows           | |  0.7
Crossbows      | |  0.7
Throwing       | |  0.7
Armour         | |  2.6
Dodging        | |  4.5
Stealth        | |  0.7
Shields        | |  0.7
Unarmed Combat | |  0.7
Conjurations   | |  0.5
Hexes          | |  0.5
Charms         | |  5.4
Summonings     | |  0.5
Necromancy     | |  0.5
Translocations | |  0.5
Transmutations | |  0.5
Fire Magic     | |  0.5
Ice Magic      | |  0.5
Air Magic      | |  0.5
Earth Magic    | |  0.5
Poison Magic   | |  0.5
Invocations    | |  0.9
Evocations     | |  0.7

Action                   || total
-------------------------++-------
Melee: Spear             ||    75
       Bite              ||     7
 Cast: Infusion          ||     5
       Shroud of Golubri ||     1
 Stab: Sleeping          ||     1
Armor: Leather armour    ||     7
Dodge: Dodged            ||    62
